 Dungeon Crawl Stone Soup version 0.29.1-1-gd02db6906a (webtiles) character file.

Game seed: 17562247954972769983

148 Sabo the Gusty (level 5, -4/31 HPs)
             Began as an Octopode Air Elementalist on Oct 9, 2022.
             Was an Initiate of Sif Muna.
             Killed by divine providence
             ... invoked by an orc priest
              (11 damage)
             ... on level 3 of the Dungeon.
             The game lasted 00:20:53 (4067 turns).

Sabo the Gusty (Octopode Air Elementalist)          Turns: 4067, Time: 00:20:54

Health: -4/31      AC:  1    Str:  7    XL:     5   Next: 30%
Magic:  9/9        EV: 13    Int: 19    God:    Sif Muna [......]
Gold:   187        SH:  5    Dex: 13    Spells: 9/10 levels left

rFire   . . .      SeeInvis .   r - +2 war axe (venom)
rCold   . . .      Faith    .   (no shield)
rNeg    . . .      Spirit   .   (helmet restricted)
rPois   .          Reflect  +   g - amulet of reflection
rElec   .          Harm     .   s - ring of willpower
rCorr   .          Rampage  .   (no ring)
Will    +....                   (no ring)
Stlth   +++.......              (no ring)
HPRegen 0.10/turn               (no ring)
MPRegen 0.11/turn               (no ring)
                                (no ring)
                                (no ring)

@: no status effects
A: almost no armour, amphibious, 8 rings, camouflage 1, gelatinous body 1,
(nimble swimmer 1), tentacles
a: Renounce Religion


You were on level 3 of the Dungeon.
You worshipped Sif Muna.
Sif Muna was noncommittal.
You visited 1 branch of the dungeon, and saw 3 of its levels.

You collected 187 gold pieces.

Inventory:

Hand Weapons
 r - a +2 war axe of venom (weapon)
Missiles
 d - 6 poisoned darts (quivered)
Jewellery
 e - an amulet of the acrobat
 g - an amulet of reflection (around mantle)
 s - a ring of willpower (left tentacle)
Wands
 j - a wand of flame (10)
Scrolls
 c - 5 scrolls of teleportation
 k - a scroll of enchant armour {unknown}
 l - a scroll of enchant weapon {unknown}
 m - a scroll of immolation {unknown}
 n - a scroll of summoning {unknown}
 o - a scroll of identify {unknown}
 t - a scroll of poison {unknown}
Potions
 a - a potion of magic
 b - a potion of mutation {unknown}
 f - a potion of flight {unknown}
 h - 2 potions of curing {unknown}
 i - a potion of ambrosia {unknown}
 p - a potion of degeneration {unknown}
 q - a potion of lignification {unknown}


   Skills:
 + Level 0.1 Fighting
 + Level 0.3 Axes
 + Level 2.3 Dodging
 + Level 3.1 Stealth
 + Level 3.0 Spellcasting
 + Level 2.3 Conjurations
 + Level 4.2 Air Magic


You had 9 spell levels left.
You knew the following spells:

 Your Spells              Type           Power      Damage    Failure   Level
a - Shock                 Conj/Air       60%        1d6       4%          1

Your spell library contained the following spells:

 Spells                   Type           Power      Damage    Failure   Level
 Static Discharge         Conj/Air       15%        3-5/arc   6%          2
 Swiftness                Air            18%        N/A       9%          3
 Apportation              Tloc           4%         N/A       16%         1
 Airstrike                Air            9%         2d(2-18)  26%         4
 Alistair's Intoxication  Tmut/Pois      1%         N/A       99%         5
 Summon Forest            Summ/Tloc      1%         N/A       99%         5
 Summon Mana Viper        Hex/Summ       2%         N/A       99%         5
 Summon Cactus Giant      Summ           1%         N/A       100%        6


Dungeon Overview and Level Annotations

Branches:
Dungeon (3/15)

Altars:
Gozag
Sif Muna
Xom


Innate Abilities, Weirdness & Mutations

You cannot wear most types of armour.
You are amphibious.
You can wear up to eight rings at the same time.
Your skin changes colour to match your surroundings (Stealth+).
Your rubbery body absorbs attacks. (AC +1, EV +1)
((You are camouflaged when in or above water. (Stealth+)))
You have tentacles for arms and can constrict up to eight enemies at once.


Message History

Confirm with . or Enter, or press ? or * to list all spells.
Aiming: Shock (safe; 4% risk of failure)
Press: ? - help, Shift-Dir - straight line That beam is likely to hit you.
Continue anyway?
Okay, then.
The orc attacks as you move away! The orc hits you with a +0 flail!
The orc attacks as you move away! The orc hits you with a +0 flail!
Casting: Shock (safe; 4% risk of failure)
Confirm with . or Enter, or press ? or * to list all spells.
Aiming: Shock (safe; 4% risk of failure)
Press: ? - help, Shift-Dir - straight line The zap hits the orc.
The orc is heavily wounded.
The zap hits the orc but does no damage.
The orc is heavily wounded.
You barely miss the orc. You grab the orc.
The orc is heavily wounded.
You constrict the orc, but do no damage.
The orc hits you with a +0 flail!
* * * LOW HITPOINT WARNING * * *
You slash the orc!
You kill the orc!
Sif Muna accepts your kill.
You barely miss the orc. The orc barely misses you.
An orc comes into view. It is wielding a +0 trident.
The orc completely misses you.
The orc shouts!
You slash the orc!
You kill the orc!
Sif Muna accepts your kill.
You barely miss the orc. You block the orc's attack.
You hit the orc.
The orc is poisoned.
You grab the orc.
The orc is heavily wounded.
You constrict the orc. You block the orc's attack. The orc barely misses you.
You slash the orc!
You kill the orc!
Sif Muna accepts your kill.
The orc priest mumbles some strange prayers to Beogh against you.
Beogh smites you!
You die...

##.#.#.......#.#....
#.......#.#.......#.
#.#...#.....#...#...
#...#....#....#....#
#.#..o#.....#...#...
#.......#.#.......#.
##.#o#.......#.#....
#.....#...#.....#..
##@#....#....#....#
#.)..#...#.....#..
##.#.......#.#....
#......##......#.
##########.###.#.
#.....## #####...
###. #.


You could see an orc priest and an orc.

Vanquished Creatures
  A scorpion (D:3)
  4 adders
  2 dart slugs
  3 orcs (D:3)
  3 endoplasms
  9 goblins
  5 hobgoblins
  2 quokkas
  3 bats
  15 frilled lizards
  3 kobolds (D:3)
  7 rats
57 creatures vanquished.

Vanquished Creatures (others)
  7 plants (D:2)
7 creatures vanquished.

Grand Total: 64 creatures vanquished

Notes
Turn   | Place    | Note
-------+----------+-------------------------------------------
     0 | D:1      | Sabo the Octopode Air Elementalist began the quest for the
                  | Orb.
     0 | D:1      | Reached XP level 1. HP: 11/11 MP: 3/3
   963 | D:1      | Reached XP level 2. HP: 13/17 MP: 0/5
  1606 | D:2      | Reached XP level 3. HP: 21/21 MP: 3/6
  2964 | D:3      | Reached XP level 4. HP: 27/27 MP: 1/7
  3096 | D:3      | Noticed a scorpion
  3103 | D:3      | Killed a scorpion
  3104 | D:3      | Reached skill level 4 in Air Magic
  3224 | D:3      | Reached XP level 5. HP: 30/31 MP: 9/9
  3756 | D:3      | Found a shimmering blue altar of Sif Muna.
  3757 | D:3      | Found an opulent altar of Gozag.
  3792 | D:3      | Found a shimmering altar of Xom.
  3813 | D:3      | Became a worshipper of Sif Muna the Loreminder
  4067 | D:3      | Killed from afar by an orc priest

Illustrated notes

Levels and vault maps discovered:
D:1:      lemuel_arrival_cross, layout_loops_ring
D:2:      layout_basic, minmay_lizard_king
D:3:      minmay_razor_zed, layout_loops_ring, minitemple,
          nicolae_kite_square_tiling_tiny

Skill      XL: |  1  2  3  4  5 |
---------------+----------------+-----
Stealth        | 3 |  3.1
Conjurations   | 2 |  2.3
Air Magic      | 4 |  4.2
Spellcasting   | 3 |  3.0
Fighting       | |  0.1
Axes           | |  0.3
Dodging        | |  2.3

Action                   |  1- 3 |  4- 6 || total
-------------------------+-------+-------++-------
Melee: Hand axe          |     5 |       ||     5
       Constrict         |     6 |     5 ||    11
       Tentacles         |     5 |       ||     5
       Whip              |     1 |       ||     1
       War axe           |     4 |    17 ||    21
       Quarterstaff      |     3 |       ||     3
 Cast: Shock             |    51 |    20 ||    71
  Use: Scroll            |     1 |       ||     1
 Stab: Sleeping          |     1 |     1 ||     2
Armor: Skin              |     1 |       ||     1
Dodge: Dodged            |     8 |    13 ||    21
Block: Other             |     1 |     5 ||     6
